 Dungeon Crawl Stone Soup version 0.29.1-13-g9f3cf754e1 (webtiles) character file.

Game seed: 6970916325404934190

21 LabCoat the Trooper (level 2, -2/27 HPs)
             Began as a Hill Orc Fighter on Feb 10, 2023.
             Engulfed by a cloud of flame (14 damage)
             ... on level 1 of the Dungeon.
             The game lasted 00:01:34 (484 turns).

LabCoat the Trooper (Hill Orc Fighter)               Turns: 484, Time: 00:01:35

Health: -2/27      AC:  6    Str: 18    XL:     2   Next: 83%
Magic:  2/2        EV:  9    Int:  8    God:
Gold:   40         SH:  4    Dex: 10    Spells: 1/1 levels left

rFire   . . .      SeeInvis .   a - +0 war axe
rCold   . . .      Faith    .   c - +0 buckler
rNeg    . . .      Spirit   .   b - +0 scale mail
rPois   .          Reflect  .   (no helmet)
rElec   .          Harm     .   (no cloak)
rCorr   .          Rampage  .   (no gloves)
Will    .....                   (no boots)
Stlth   ..........              (no amulet)
HPRegen 0.09/turn               (no ring)
MPRegen 0.08/turn               (no ring)

@: no status effects
A: no striking features
a: no special abilities


You were on level 1 of the Dungeon.
You visited 1 branch of the dungeon, and saw 1 of its levels.

You collected 40 gold pieces.

Inventory:

Hand Weapons
 a - a +0 war axe (weapon)
 e - a +0 spear
Missiles
 g - 4 poisoned darts (quivered)
Armour
 b - a +0 scale mail (worn)
 c - a +0 buckler (worn)
Potions
 d - 2 potions of might
 f - a potion of flight
 h - a potion of heal wounds {unknown}


   Skills:
 * Level 3.8 Fighting
 * Level 3.1 Axes
 + Level 0.1 Throwing
 + Level 3.3 Armour
 + Level 0.2 Dodging
 + Level 3.4 Shields
 * Level 1.3 Invocations
 + Level 0.4 Evocations


You had one spell level left.
You didn't know any spells.
Your spell library contained the following spells:

 Spells                   Type           Power      Damage    Failure   Level
 Apportation              Tloc           0%         N/A       87%         1
 Alistair's Intoxication  Tmut/Pois      0%         N/A       100%        5


Dungeon Overview and Level Annotations

Branches:
Dungeon (1/15)

Altars:


Message History

You hit the goblin.
The goblin is severely wounded.
The goblin barely misses you.
The rat twitches its whiskers.
You slash the goblin!
You kill the goblin!
The jackal barely misses you. The jackal misses you.
You slash the jackal!
You kill the jackal!
You hit the jackal. The jackal completely misses you.
You block the jackal's attack. The jackal bites you.
You hit the jackal.
The jackal is almost dead.
You hit the jackal. The jackal bites you. The jackal barely misses you. x2
The jackal misses you. The rat closely misses you.
You closely miss the jackal.
The jackal is almost dead.
You slash the jackal!
You kill the jackal!
You slash the rat!
You kill the rat!
The jackal barely misses you. You block the jackal's attack.
Unknown command.
You closely miss the jackal.
The jackal is almost dead.
The jackal barely misses you.
You hit the jackal.
You kill the jackal!
Things that are here:
a +0 club; a jackal corpse
Found a stone staircase leading down.
You now have 40 gold pieces (gained 6).
Found a ring mail and a dagger.
You're in a travel-excluded area, stopping explore.
You are engulfed in blazing flames.
Ouch! That really hurt!
A giant cockroach comes into view.
You are engulfed in blazing flames.
Ouch! That really hurt!
You die...

######### ####### #......># B#
#...... #.......##### §#
#...... #.......##..# §.#
#...... #.......#...# .§§#
#......
#...)...#...#####...#####......
#.......#.#..○§°..!$..§○.......
#.......#.#..§§§.[.$.§○°.......
#.......#.##.§@○.)$$..§§.......
#.........#######...#####......
########)†# #..§# ##.####
##.†### #§☼○# ##.# #.....#
#§§.# #..#
###..##.#####...#####.##
######....................####
##......##..#########....#....#
.#..÷...###.)..)...###.....##.#


You could see a giant cockroach (asleep).

Vanquished Creatures
  2 bats (D:1)
  2 endoplasms (D:1)
  A goblin (D:1)
  2 hobgoblins (D:1)
  4 jackals (D:1)
  A quokka (D:1)
  A ball python (D:1)
  A kobold (D:1)
  4 rats (D:1)
18 creatures vanquished.

Notes
Turn   | Place    | Note
-------+----------+-------------------------------------------
     0 | D:1      | LabCoat the Hill Orc Fighter began the quest for the Orb.
     0 | D:1      | Reached XP level 1. HP: 19/19 MP: 1/1
   155 | D:1      | Reached XP level 2. HP: 27/27 MP: 2/2
   177 | D:1      | Reached skill level 1 in Invocations
   484 | D:1      | Engulfed by a cloud of flame

Illustrated notes

Levels and vault maps discovered:
D:1:      spicycebolla_green_bress_n_ham_2, layout_rooms, lemuel_flame_loot_1

Skill      XL: |  1  2 |
---------------+-------+-----
Axes           | 3 |  3.1
Invocations    | 1 |  1.3
Fighting       | |  3.8
Throwing       | |  0.1
Armour         | |  3.3
Dodging        | |  0.2
Shields        | |  3.4
Evocations     | |  0.4

Action                   || total
-------------------------++-------
Melee: War axe           ||    34
Throw: Dart              ||     4
  Use: Scroll            ||     2
Armor: Scale mail        ||    18
Dodge: Dodged            ||    21
Block: Buckler           ||     9
